 Dungeon Crawl Stone Soup version 0.25-a0-697-g890751e (webtiles) character file.

Game seed: 9350592758932764510, levelgen mode: deterministic

425 Faels the Cutter (level 7, -3/40 HPs)
             Began as a Kobold Assassin on Apr 1, 2020.
             Slain by Edmund
             ... wielding a +2 dire flail of draining
              (22 damage)
             ... on level 4 of the Dungeon.
             The game lasted 00:13:48 (5116 turns).

Faels the Cutter (Kobold Assassin)                  Turns: 5116, Time: 00:13:48

Health: -3/40      AC:  8    Str: 11    XL:     7   Next: 18%
Magic:  7/7        EV: 13    Int: 12    God:
Gold:   125        SH:  6    Dex: 16    Spells: 6/6 levels left

rFire    . . .     SeeInvis .   s - +0 dagger (venom)
rCold    . . .     Gourm    .   e - +1 buckler {AC+3}
rNeg     . . .     Faith    .   y - +1 leather armour {rPois}
rPois    +         Spirit   .   (no helmet)
rElec    .         Reflect  .   c - +0 cloak
rCorr    .         Harm     .   (no gloves)
MR       .....                  (no boots)
Stlth    +++.......             (no amulet)
HPRegen  0.13/turn              (no ring)
MPRegen  0.10/turn              (no ring)

@: drained
A: small, carnivore
a: no special abilities


You were on level 4 of the Dungeon.
You were completely stuffed.

You visited 1 branch of the dungeon, and saw 4 of its levels.

You collected 125 gold pieces.

Inventory:

Hand Weapons
 a - a +2 dagger
 s - a +0 dagger of venom (weapon)
 t - a cursed -1 war axe
 B - a +0 antimagic hand axe
Armour
 b - a +0 robe
 c - a +0 cloak (worn)
 e - a +1 buckler of protection (worn)
 y - a +1 leather armour of poison resistance (worn)
Jewellery
 i - an uncursed amulet of faith
Wands
 z - a wand of paralysis (9)
Scrolls
 g - 3 scrolls of teleportation
 k - a scroll of enchant weapon {unknown}
 o - a scroll of blinking {unknown}
 p - 4 scrolls of remove curse
 v - a scroll of amnesia {unknown}
 w - a scroll of fog {unknown}
 x - a scroll of noise {unknown}
 D - a scroll of identify {unknown}
Potions
 h - 2 potions of flight {unknown}
 j - 3 potions of curing {unknown}
 l - 3 potions of mutation {unknown}
 m - 2 potions of brilliance {unknown}
 n - 2 potions of stabbing {unknown}
 r - a potion of heal wounds
 u - a potion of cancellation {unknown}
 C - a potion of berserk rage {unknown}
Comestibles
 f - 8 rations
 A - 2 chunks of flesh


   Skills:
 - Level 2.7(1.9) Fighting
 + Level 6.5(5.6) Short Blades
 - Level 2.6(1.9) Throwing
 - Level 2.0(1.2) Dodging
 - Level 5.6(4.8) Stealth
 + Level 3.3(2.5) Shields


You had 6 spell levels left.
You didn't know any spells.
Your spell library was empty.

Dungeon Overview and Level Annotations

Branches:
Dungeon (4/15)
 Temple: D:4-7

Altars:
Hepliaklqana
Zin

Annotations:
D:4 Edmund


Innate Abilities, Weirdness & Mutations

You are small and have problems with some larger weapons.
You are carnivorous and can eat meat at any time.


Message History

Edmund is no longer moving slowly.
You block Edmund's attack.
You barely miss Edmund.
Edmund is severely wounded.
You block Edmund's attack.
You barely miss Edmund.
Edmund is severely wounded.
You hit Edmund.
Edmund looks as sick as possible!
Edmund is severely wounded.
Edmund asks, "Have you met my wondrous brother?"
Edmund drinks a potion.
Edmund seems to grow stronger.
You hit Edmund but do no damage.
Edmund looks as sick as possible!
Edmund is almost dead.
Edmund closely misses you.
You hit Edmund but do no damage.
Edmund looks as sick as possible!
Edmund is almost dead.
You hit Edmund but do no damage.
Edmund looks as sick as possible!
Edmund is almost dead.
Edmund hits you with a +2 dire flail of draining!!
Ouch! That really hurt!
You die...

#........# #.....# .....
#........# +.....#
......#........# #.....#
.....#........# #....((
#...######'#######.....#
#...####...###...##†##..
#....................#..
#....................#..
+......@@.(...((.....#..
#....................#..
##+#######'###+#########+###..
..................# #...<..#
..................# #......#
...>..............# #......#
..................# #......+
..................#####......#
####.....#######..............


You could see Edmund.

Vanquished Creatures
  A phantom (D:4)
  3 orc wizards
  2 iguanas (D:4)
  4 gnolls
  6 adders
  2 oozes
  A worm (D:3)
  A dart slug (D:2)
  5 leopard geckos
  15 orcs
  5 bats
  2 giant cockroaches
  3 goblins
  9 hobgoblins
  A quokka (D:3)
  A ball python (D:1)
  5 frilled lizards
  15 kobolds
  8 rats
  A plant (D:2)
90 creatures vanquished.

Notes
Turn   | Place    | Note
-------+----------+-------------------------------------------
     0 | D:1      | Faels the Kobold Assassin began the quest for the Orb.
     0 | D:1      | Reached XP level 1. HP: 12/12 MP: 1/1
   214 | D:1      | Reached XP level 2. HP: 12/18 MP: 2/2
   348 | D:1      | Reached skill level 3 in Short Blades
  1710 | D:2      | Reached XP level 3. HP: 22/22 MP: 3/3
  2475 | D:2      | Found a glowing silver altar of Zin,
  2757 | D:2      | Reached XP level 4. HP: 27/27 MP: 4/4
  2933 | D:2      | Reached skill level 1 in Shields
  2943 | D:2      | Reached skill level 4 in Short Blades
  3099 | D:2      | Reached XP level 5. HP: 4/31 MP: 5/5
  4211 | D:3      | Reached skill level 5 in Short Blades
  4380 | D:3      | Found a hazy altar of Hepliaklqana,
  4428 | D:3      | Reached XP level 6. HP: 29/36 MP: 6/6
  4742 | D:4      | Noticed a phantom
  4940 | D:3      | Reached skill level 6 in Short Blades
  5036 | D:4      | Noticed a phantom
  5041 | D:4      | Killed a phantom
  5041 | D:4      | Reached XP level 7. HP: 40/40 MP: 7/7
  5075 | D:4      | Noticed Edmund
  5116 | D:4      | Slain by Edmund

Levels and vault maps discovered:
D:1:      lightli_iron_boxes, layout_loops_ring
D:2:      layout_loops_ring, zin_academy, minmay_misc_feat_iff,
          amethyst_killhole, lexackson_kobold_supper
D:3:      layout_basic, old_standard_altar
D:4:      layout_gridville, uniq_edmund

Skill      XL: |  1  2  3  4  5  6 |
---------------+-------------------+-----
Short Blades   | 3 4 5 6 |  6.5
Dodging        | 2 |  2.0
Shields        | 1 2 3 |  3.3
Fighting       | |  2.7
Throwing       | |  2.6
Stealth        | |  5.6

Action                   |  1- 3 |  4- 6 |  7- 9 || total
-------------------------+-------+-------+-------++-------
Melee: Dagger            |   171 |   242 |    16 ||   429
Throw: Dart              |    20 |     9 |    10 ||    39
  Use: Scroll            |       |     2 |       ||     2
 Stab: Sleeping          |     4 |     3 |       ||     7
       Distracted        |     2 |       |       ||     2
  Eat: Chunk             |    14 |     8 |       ||    22
Armor: Robe              |    19 |    20 |       ||    39
       Leather armour    |       |    32 |     1 ||    33
Dodge: Dodged            |    81 |   105 |     3 ||   189
Block: Buckler           |     4 |    69 |     3 ||    76

Table legend:
 A = Non-vault XP
 B = Vault XP
 C = Vault XP percentage of total XP
 D = Non-vault monster count
 E = Vault monster count
 F = Vault count percentage of total count
                 A         B        C        D         E       F
            +---------+---------+-------+---------+---------+-------
      Total |     596 |      12 |   2.0 |      81 |       8 |   9.0
            +---------+---------+-------+---------+---------+-------
        D:1 |      42 |       0 |   0.0 |      18 |       0 |   0.0
        D:2 |      93 |      12 |  11.4 |      21 |       8 |  27.6
        D:3 |     218 |       0 |   0.0 |      36 |       0 |   0.0
        D:4 |     243 |       0 |   0.0 |       6 |       0 |   0.0
            +---------+---------+-------+---------+---------+-------
